 Dungeon Crawl Stone Soup version 0.24.0-125-gc4c63601f3 (webtiles) character file.

Game seed: 5820191192249399521, levelgen mode: deterministic

1178 H0rd4k the Cutter (level 8, -5/60 HPs)
             Began as a Human Artificer on Mar 17, 2020.
             Slain by a two-headed ogre
             ... wielding a +0 giant club
              (20 damage)
             ... on level 8 of the Dungeon.
             The game lasted 00:12:58 (6837 turns).

H0rd4k the Cutter (Human Artificer)                 Turns: 6837, Time: 00:12:58

Health: -5/60      AC:  6    Str: 20    XL:     8   Next: 69%
Magic:  11/11      EV: 14    Int: 11    God:
Gold:   314        SH:  0    Dex: 14    Spells: 7/7 levels left

rFire    . . .     SeeInvis .   r - +4 whip (venom)
rCold    . . .     Gourm    .   (no shield)
rNeg     . . .     Faith    .   b - +0 leather armour
rPois    .         Spirit   .   u - +1 helmet
rElec    .         Reflect  .   (no cloak)
rCorr    .         Harm     .   y - +0 pair of gloves
MR       +....                  (no boots)
Stlth    ++........             (no amulet)
HPRegen  0.20/turn              l - +5 ring of strength
MPRegen  0.12/turn              x - ring of protection from magic

@: no status effects
A: no striking features
a: no special abilities


You were on level 8 of the Dungeon.
You were very hungry.

You visited 1 branch of the dungeon, and saw 8 of its levels.

You collected 314 gold pieces.

Inventory:

Hand Weapons
 a - a +1 short sword
 r - a +4 whip of venom (weapon)
Missiles
 n - 5 boomerangs (quivered)
Armour
 b - a +0 leather armour (worn)
 u - a +1 helmet (worn)
 y - a +0 pair of gloves (worn)
Jewellery
 g - an uncursed ring of positive energy
 l - a +5 ring of strength (left hand)
 q - an uncursed ring of magical power
 x - a ring of protection from magic (right hand)
Wands
 d - a wand of enslavement (1)
 p - a wand of random effects (17)
Scrolls
 c - 2 scrolls of enchant armour
 e - 5 scrolls of identify
 h - 3 scrolls of remove curse
 m - 3 scrolls of blinking
 o - 2 scrolls of amnesia
 v - 2 scrolls of teleportation {unknown}
 B - a scroll of fear {unknown}
Potions
 i - 2 potions of magic
 j - 3 potions of might
 k - a potion of resistance {unknown}
 s - a potion of berserk rage
 t - a potion of mutation {unknown}
 w - a potion of degeneration
 z - 2 potions of brilliance
 A - a potion of lignification {unknown}
Comestibles
 f - 13 rations


   Skills:
 + Level 3.8 Fighting
 + Level 5.9 Short Blades
 + Level 0.3 Maces & Flails
 + Level 0.1 Throwing
 + Level 3.3 Armour
 + Level 4.2 Dodging
 + Level 2.4 Stealth
 + Level 4.4 Evocations


You had 7 spell levels left.
You didn't know any spells.
Your spell library contained the following spells:

 Spells                   Type           Power        Failure   Level  Hunger
 Corpse Rot               Necr           N/A          52%         2    ###....
 Sublimation of Blood     Necr           #.........   52%         2    ###....
 Agony                    Necr           #.......     100%        5    ######.
 Bolt of Draining         Conj/Necr      #.........   100%        5    ######.
 Dispel Undead            Necr           #.......     100%        5    ######.
 Excruciating Wounds      Chrm/Necr      #.........   100%        5    ######.


Dungeon Overview and Level Annotations

Branches:
Dungeon (8/15)
 Temple: D:4-7         Lair: D:8-11

Altars:
Dithmenos
Fedhas

Annotations:
D:1 exclusion: 2 downstairs
D:3 exclusion: downstairs
D:4 exclusions: phantom and scorpion
D:5 1 runed translucent door, exclusion: downstairs, Crazy Yiuf


Message History

The two-headed ogre hits you with a +0 giant club!
* * * LOW HITPOINT WARNING * * *
The two-headed ogre barely misses you.
You climb downwards.
There is a stone staircase leading up here.
Evoke which item? (* to show all) (? for menu, Esc to quit)
Aiming: Enslavement
Press: ? - help, Shift-Dir - straight line, f - two-headed ogre
Aim: a two-headed ogre, wielding two +0 giant clubs (chance to defeat MR: 41%)
The two-headed ogre resists with some effort.
The two-headed ogre hits you with a +0 giant club.
* * * LOW HITPOINT WARNING * * *
The two-headed ogre hits you with a +0 giant club!
* * * LOW HITPOINT WARNING * * *
There is a stone staircase leading up here.
Search for what [? for help]? .
Unknown command.
The two-headed ogre barely misses you.
The two-headed ogre hits you with a +0 giant club!!
You die...

#............#
#.##########.###### #<#
##........ #.#
##.###.#### #.# ####.##
##.# ##.####....# #.###
#.......##.## ##....
#..##.......###.#.##
#..@O..........##.#
#.###.#######.###.#
###########.# #.#
#.###.# ..........#.#
#.# #.....#
######......###.##
#####.#
#.##.####...####### #.#
..#........#.......##
#.#
#.##.##.###...........#
#.## # # #.#
#.###.......# #...


You could see a two-headed ogre.

Vanquished Creatures
  4 ogres
  A centaur (D:5)
  2 scorpions
  A howler monkey (D:5)
  2 bullfrog zombies
  A jelly (D:8)
  An orc priest (D:4)
  3 orc wizards
  A bullfrog skeleton (D:4)
  A worker ant (D:3)
  Natasha (twice) (D:2)
  A hound zombie (D:5)
  A hound skeleton (D:7)
  A howler monkey zombie (D:7)
  A gnoll (D:7)
  Robin (D:2)
  5 adders
  7 river rats (D:5)
  A shadow imp (D:5)
  2 oozes
  5 worms
  2 dart slugs
  2 leopard geckos (D:4)
  10 orcs
  6 giant cockroaches
  10 goblins
  13 hobgoblins
  4 kobolds
  8 quokkas
  2 ball pythons (D:2)
  4 bats
  11 frilled lizards
  15 rats
131 creatures vanquished.

Vanquished Creatures (collateral kills)
  Natasha (D:2)
  2 adders
  A worker ant (D:4)
  A hound skeleton (D:4)
  A quokka (D:5)
  A bat (D:2)
  A frilled lizard (D:2)
8 creatures vanquished.

Vanquished Creatures (others)
  An orc wizard (D:5)
  3 adders
4 creatures vanquished.

Grand Total: 143 creatures vanquished

Notes
Turn   | Place    | Note
-------+----------+-------------------------------------------
     0 | D:1      | H0rd4k the Human Artificer began the quest for the Orb.
     0 | D:1      | Reached XP level 1. HP: 15/15 MP: 3/3
   211 | D:1      | Reached XP level 2. HP: 17/21 MP: 4/4
   396 | D:1      | Reached XP level 3. HP: 16/26 MP: 5/5
   599 | D:1      | You fall into a shaft and drop 1 floor!
  1279 | D:2      | Reached skill level 1 in Armour
  1310 | D:2      | Noticed Natasha
  1314 | D:2      | Killed Natasha
  1314 | D:2      | Reached XP level 4. HP: 20/32 MP: 6/6
  1358 | D:2      | Noticed Robin
  1510 | D:2      | Noticed Natasha
  1522 | D:2      | Killed Natasha
  1721 | D:2      | Reached XP level 5. HP: 38/38 MP: 7/7
  1783 | D:2      | Noticed Natasha
  1787 | D:2      | Killed Natasha
  1939 | D:2      | Found a faded altar of an unknown god.
  1955 | D:2      | Reached skill level 2 in Short Blades
  2338 | D:2      | Killed Robin
  2578 | D:3      | Found a shadowy altar of Dithmenos.
  3051 | D:4      | Noticed an ogre
  3058 | D:4      | Reached XP level 6. HP: 9/44 MP: 9/9
  3274 | D:3      | Killed an ogre
  3294 | D:4      | Reached skill level 3 in Short Blades
  3707 | D:4      | Reached XP level 7. HP: 39/51 MP: 10/10
  4010 | D:5      | Entered Level 5 of the Dungeon
  4595 | D:5      | Reached skill level 4 in Short Blades
  4879 | D:5      | Found a runed translucent door.
  4880 | D:5      | Noticed Crazy Yiuf
  5059 | D:5      | Found a blossoming altar of Fedhas.
  5164 | D:5      | Reached XP level 8. HP: 11/58 MP: 11/11
  5824 | D:5      | Reached skill level 5 in Short Blades
  6382 | D:7      | You fall into a shaft and drop 1 floor!
  6727 | D:8      | Noticed a two-headed ogre
  6837 | D:8      | Slain by a two-headed ogre

Levels and vault maps discovered:
D:1:      dpeg_arrival_pits, layout_basic
D:2:      layout_rooms, chequers_ecumenical_altar_simple_redux, uniq_natasha,
          uniq_robin
D:3:      layout_basic, grunt_dithmenos_smoke
D:4:      layout_rooms, first_ration
D:5:      lemuel_ratsnest, layout_loops_ring, fedhas_altar_fruit_tree,
          uniq_crazy_yiuf_cottage
D:6:      layout_loops_ring, minmay_temple_entry_waves, serial_shops, shop,
          nemelex_lonely_heart_becter, uniq_sigmund, uniq_pikel
D:7:      kb_forest_paths, layout_loops_corners, tso_metal_star
D:8:      layout_loops_ring

Skill      XL: |  1  2  3  4  5  6  7  8 |
---------------+-------------------------+-----
Armour         | 1 2 3 |  3.3
Short Blades   | 2 3 4 5 |  5.9
Evocations     | 4 |  4.4
Fighting       | 2 3 |  3.8
Dodging        | 3 4 |  4.2
Stealth        | 2 |  2.4
Maces & Flails | |  0.3
Throwing       | |  0.1

Action                   |  1- 3 |  4- 6 |  7- 9 || total
-------------------------+-------+-------+-------++-------
Melee: Short sword       |   109 |   149 |   347 ||   605
       Whip              |       |       |    23 ||    23
Throw: Boomerang         |       |     3 |       ||     3
Evoke: Wand              |     9 |    27 |    12 ||    48
  Use: Scroll            |       |    10 |       ||    10
       Potion            |       |     1 |       ||     1
 Stab: Sleeping          |     1 |     3 |     1 ||     5
       Confused          |       |       |     1 ||     1
  Eat: Chunk             |     1 |     8 |     9 ||    18
Armor: Leather armour    |    42 |    19 |    55 ||   116
Dodge: Dodged            |   112 |    96 |   215 ||   423
